 Dungeon Crawl Stone Soup version 0.30.1-8-g117510f58f (webtiles) character file.

Game seed: 2753894457173940335

4 monsoonserge the Trooper (level 1, -1/18 HPs)
             Began as a Demonspawn Monk on Sept 23, 2023.
             Slain by a frilled lizard (3 damage)
             ... on level 1 of the Dungeon.
             The game lasted 00:00:20 (84 turns).

monsoonserge the Trooper (Demonspawn Monk)            Turns: 84, Time: 00:00:21

Health: -1/18      AC:  5    Str: 11    XL:     1   Next: 58%
Magic:  1/1        EV: 11    Int: 11    God:
Gold:   9          SH:  0    Dex: 15    Spells: 0/0 levels left

rFire   . . .        a - +0 falchion
rCold   . . .        d - orb {light}
rNeg    . . .        f - +0 ring mail
rPois   .            (no helmet)
rElec   .            (no cloak)
rCorr   .            (no gloves)
SInv    .            (no boots)
Will    .....        (no amulet)
Stlth   +            (no ring)
HPRegen 0.23/turn    (no ring)
MPRegen 0.07/turn

%: no passive effects
@: glowing
A: no striking features
a: no special abilities


You were on level 1 of the Dungeon.
You visited 1 branch of the dungeon, and saw 1 of its levels.

You collected 9 gold pieces.

Inventory:

Hand Weapons
 a - a +0 falchion (weapon)
Armour
 b - a +0 robe
 d - an orb of light (worn)
 f - a +0 ring mail (worn)
Scrolls
 e - a scroll of identify {unknown}
Potions
 c - a potion of ambrosia


   Skills:
 + Level 3.0 Fighting
 + Level 2.8 Long Blades
 + Level 2.7 Dodging


You couldn't memorise any spells.
You didn't know any spells.
Your spell library contained the following spells:

 Spells                   Type           Power      Damage    Failure   Level
 Summon Small Mammal      Summ           0%         N/A       65%         1
 Call Canine Familiar     Summ           0%         N/A       95%         3
 Summon Guardian Golem    Hex/Summ       0%         N/A       95%         3


Dungeon Overview and Level Annotations

Branches:
Dungeon (1/15)

Altars:


Message History

The hobgoblin is severely wounded.
The hobgoblin hits you but does no damage.
You barely miss the hobgoblin.
The hobgoblin is severely wounded.
The hobgoblin closely misses you.
You hit the hobgoblin.
You kill the hobgoblin!
The endoplasm freezes you.
You are frozen.
You hit the endoplasm but do no damage. The endoplasm barely misses you.
You completely miss the endoplasm.
The hobgoblin hits you but does no damage.
The endoplasm freezes you.
You are frozen.
You hit the frilled lizard but do no damage.
The endoplasm hits you. The hobgoblin hits you.
The frilled lizard barely misses you.
You closely miss the frilled lizard. The endoplasm hits you.
The hobgoblin closely misses you. The frilled lizard barely misses you.
You barely miss the frilled lizard. The endoplasm freezes you.
You are frozen.
* * * LOW HITPOINT WARNING * * *
The hobgoblin closely misses you. The frilled lizard barely misses you.
You closely miss the frilled lizard. The endoplasm closely misses you.
The hobgoblin hits you but does no damage.
The frilled lizard barely misses you. The endoplasm closely misses you.
The frilled lizard closely misses you. The hobgoblin barely misses you.
Unknown command.
You closely miss the frilled lizard. The hobgoblin closely misses you.
The frilled lizard closely misses you. The endoplasm closely misses you.
You barely miss the frilled lizard. The hobgoblin hits you.
* * * LOW HITPOINT WARNING * * *
The endoplasm hits you.
* * * LOW HITPOINT WARNING * * *
The frilled lizard bites you but does no damage.
Unknown command.
You closely miss the frilled lizard. The hobgoblin closely misses you.
The frilled lizard bites you.
You die...

.................. ..
....................
..##.##................
.......................
.......................
#...[..........##.....#
#.............## ######
......l.......#
......J@......#
......g.......#
##................
#................
.........#..####...
...........## ###
...........#
...........#


You could see an endoplasm, a hobgoblin and a frilled lizard.

Vanquished Creatures
  2 bats (D:1)
  A hobgoblin (D:1)
  A rat (D:1)
4 creatures vanquished.

Notes
Turn   | Place    | Note
-------+----------+-------------------------------------------
     0 | D:1      | monsoonserge the Demonspawn Monk began the quest for the
                  | Orb.
     0 | D:1      | Reached XP level 1. HP: 18/18 MP: 1/1
    84 | D:1      | Slain by a frilled lizard

Illustrated notes

Levels and vault maps discovered:
D:1:      minmay_arrival_up_and_down, layout_rooms

Action                     || total
---------------------------++-------
  Melee: Falchion          ||    17
 Armour: Ring mail         ||     4
         Robe              ||     1
  Dodge: Dodged            ||    18
